 Dungeon Crawl Stone Soup version 0.31-a0-237-g2d982f9f85 (webtiles) character file.

Game seed: 2804869182821056454

91 qw the Shooter (level 4, 0/26 HPs)
             Began as a Gargoyle Hexslinger on July 10, 2023.
             Slain by a black bear (7 damage)
             ... on level 3 of the Dungeon.
             The game lasted 00:00:37 (1781 turns).

qw the Shooter (Gargoyle Hexslinger)                Turns: 1781, Time: 00:00:38

Health: 0/26       AC:  9    Str: 12    XL:     4   Next: 59%
Magic:  5/5        EV: 10    Int: 13    God:
Gold:   102        SH:  0    Dex: 14    Spells: 4/5 levels left

rFire   . . .        Y - +4 sling
rCold   . . .        (no shield)
rNeg    + . .        d - +0 ring mail
rPois   inf          e - +0 helmet
rElec   +            (no cloak)
rCorr   .            (no gloves)
SInv    .            (no boots)
Will    .....        (no amulet)
Stlth   +            (no ring)
HPRegen 0.24/turn    (no ring)
MPRegen 0.09/turn

%: no passive effects
@: no status effects
A: sickness immunity, AC +3, negative energy resistance 1, electricity
resistance, torment resistance 1, petrification resistance
a: no special abilities


You were on level 3 of the Dungeon.
You visited 1 branch of the dungeon, and saw 3 of its levels.

You collected 102 gold pieces.


Innate Abilities, Weirdness & Mutations

You are immune to sickness and miasma.
Your stone body is resilient. (AC +3)
You are immune to poison.
You resist negative energy. (rN+)
You are resistant to electric shocks. (rElec)
You are resistant to unholy torment.
You are immune to petrification.


   Skills:
 - Level 2.0 Fighting
 + Level 4.1 Ranged Weapons
 - Level 1.2 Armour
 - Level 1.5 Dodging
 - Level 1.0 Spellcasting
 - Level 2.6 Hexes


You had 4 spell levels left.
You knew the following spells:

 Your Spells              Type           Power      Damage    Failure   Level
a - Slow                  Hex            28%        N/A       22%         1

Your spell library contained the following spells:

 Spells                   Type           Power      Damage    Failure   Level
 Inner Flame              Hex/Fire       4%         N/A       73%         3
 Portal Projectile        Hex/Tloc       8%         N/A       73%         3
 Cause Fear               Hex            3%         N/A       91%         4

Inventory:

Hand Weapons
 Y - a +4 sling (weapon)
Armour
 d - a +0 ring mail (worn)
 e - a +0 helmet (worn)
Potions
 a - a potion of degeneration {unknown}
 c - a potion of might {unknown}
 g - a potion of enlightenment {unknown}
 i - a potion of attraction {unknown}

Dungeon Overview and Level Annotations

Branches:
Dungeon (3/15)

Altars:


Message History

Waypoint 2 assigned to D:3.
A black bear comes into view.
The black bear growls angrily.
You shoot a sling bullet.
The sling bullet barely misses the black bear.
You feel your willpower return.
You shoot a sling bullet. The sling bullet hits the black bear.
The black bear is lightly wounded.
The black bear barely misses you. The black bear claws you. x2
You shoot a sling bullet. The sling bullet hits the black bear.
The black bear is lightly wounded.
The black bear closely misses you.
The black bear claws you but does no damage. x2
The black bear bites you.
The black bear claws you but does no damage.
The black bear closely misses you.
You shoot a sling bullet. The sling bullet hits the black bear.
The black bear is moderately wounded.
The black bear bites you. The black bear closely misses you.
The black bear barely misses you.
You shoot a sling bullet.
The sling bullet hits the black bear but does no damage.
The black bear is moderately wounded.
The black bear closely misses you. The black bear barely misses you.
The black bear claws you but does no damage.
You shoot a sling bullet. The sling bullet hits the black bear.
The black bear is moderately wounded.
The black bear bites you!
The black bear claws you but does no damage.
The black bear barely misses you. The black bear bites you!
The black bear claws you but does no damage.
The black bear claws you.
You shoot a sling bullet. The sling bullet hits the black bear!
The black bear is severely wounded.
The black bear barely misses you. The black bear closely misses you.
The black bear claws you but does no damage.
You shoot a sling bullet.
The sling bullet barely misses the black bear.
The black bear bites you!
You die...

.# .# .# .#
.# .. .#
.##. .#
.....#####h#
.........@.#
###..##<##.#
... #.# .# .
#.# .# ...
.# #.# ##
... ... ...


You could see a black bear.

Vanquished Creatures
  3 gnolls (D:2)
  An adder (D:2)
  A worm (D:2)
  3 dart slugs (D:1)
  4 ball pythons
  6 bats
  4 endoplasms
  2 giant cockroaches
  5 goblins
  4 hobgoblins
  4 frilled lizards
  2 kobolds
  6 rats
45 creatures vanquished.

Notes
Turn   | Place    | Note
-------+----------+-------------------------------------------
     0 | D:1      | qw the Gargoyle Hexslinger began the quest for the Orb.
     0 | D:1      | Reached XP level 1. HP: 12/12 MP: 2/2
     0 | D:1      | 0 ||| qw: Version: 0.3-a-52-g30416fa
     0 | D:1      | 0 ||| qw: Game counter: 5130
     0 | D:1      | 0 ||| qw: Melee chars always use a shield: true
     0 | D:1      | 0 ||| qw: God list: Okawaru
     0 | D:1      | 0 ||| qw: Allow faded altars: false
     0 | D:1      | 0 ||| qw: Do Orc after clearing Dungeon:15 true
     0 | D:1      | 0 ||| qw: Do second Lair branch before Depths: true
     0 | D:1      | 0 ||| qw: Lair rune preference: random
     0 | D:1      | 0 ||| qw: Goals: Normal
     0 | D:1      | 0 ||| PLANNING D:1-11
    41 | D:1      | 41 ||| FLEEEEING.
   131 | D:1      | Reached XP level 2. HP: 6/16 MP: 3/3
   231 | D:1      | Reached skill level 3 in Ranged Weapons
   771 | D:1      | Reached XP level 3. HP: 21/21 MP: 4/4
   865 | D:1      | 865 ||| UPGRADING to +0 ring mail.
   875 | D:1      | 875 ||| DROPPING +0 robe.
   876 | D:1      | 876 ||| READING 3 scrolls labelled NENAOXE WO ACE.
   877 | D:1      | 877 ||| READING 2 scrolls of enchant weapon.
   877 | D:1      | 877 ||| ENCHANTING +2 sling.
   878 | D:1      | 878 ||| READING scroll of enchant weapon.
   878 | D:1      | 878 ||| ENCHANTING +3 sling.
   879 | D:1      | 879 ||| DROPPING scroll of poison.
   995 | D:2      | Reached XP level 4. HP: 26/26 MP: 5/5
  1042 | D:2      | Reached skill level 4 in Ranged Weapons
  1359 | D:2      | Reached skill level 1 in Armour
  1734 | D:2      | 1734 ||| UPGRADING to +0 helmet.
  1739 | D:2      | 1739 ||| DROPPING ring of wizardry.
  1740 | D:2      | 1740 ||| READING 3 scrolls labelled YBBOST JANETTE.
  1741 | D:2      | 1741 ||| READING 2 scrolls labelled KURAOG FOMM.
  1742 | D:2      | 1742 ||| DROPPING 2 scrolls of vulnerability.
  1743 | D:2      | 1743 ||| DROPPING scroll of amnesia.
  1773 | D:3      | Noticed a black bear
  1779 | D:3      | HP: 6/26 [black bear (1)]
  1781 | D:3      | Slain by a black bear

Levels and vault maps discovered:
D:1:      dpeg_arrival_tiny_h, layout_basic, grunt_decor_junction
D:2:      layout_loops_corners, hex_large
D:3:      layout_basic, mainiacjoe_overflow_concentric_impassable,
          gammafunk_ghost_stat_death

Skill      XL: |  1  2  3  4 |
---------------+-------------+-----
Ranged Weapons | 3 4 |  4.1
Fighting       | 2 |  2.0
Armour         | 1 |  1.2
Dodging        | |  1.5
Spellcasting   | |  1.0
Hexes          | |  2.6

Action                     |  1- 3 |  4- 6 || total
---------------------------+-------+-------++-------
   Fire: Sling             |    78 |    53 ||   131
    Use: Scroll            |     3 |     2 ||     5
 Armour: Robe              |     6 |       ||     6
         Ring mail         |     1 |    21 ||    22
  Dodge: Dodged            |    25 |    23 ||    48

Table legend:
 A = Non-vault XP
 B = Vault XP
 C = Vault XP percentage of total XP
 D = Non-vault monster count
 E = Vault monster count
 F = Vault count percentage of total count
                 A         B        C        D         E       F
            +---------+---------+-------+---------+---------+-------
      Total |     131 |       0 |   0.0 |      45 |       0 |   0.0
            +---------+---------+-------+---------+---------+-------
        D:1 |      43 |       0 |   0.0 |      23 |       0 |   0.0
        D:2 |      88 |       0 |   0.0 |      22 |       0 |   0.0
            +---------+---------+-------+---------+---------+-------
